 Dungeon Crawl Stone Soup version 0.20-a0-370-gd6af2a4 (webtiles) character file.

89 Da5id the Changer (level 4, -3/19 HPs)
             Began as a Felid Transmuter on Dec 27, 2016.
             Slain by a worker ant (5 damage)
             ... on level 4 of the Dungeon.
             The game lasted 00:05:44 (4689 turns).

Da5id the Changer (Felid Transmuter)                Turns: 4689, Time: 00:05:44

Health: -3/19      AC:  1    Str:  6    XL:     4   Next: 31%
Magic:  8/8        EV: 18    Int: 16    God:
Gold:   188        SH:  0    Dex: 16    Spells: 3/7 levels left
                                        Lives:  0   Deaths: 1

rFire  . . .     SeeInvis +       - Unarmed
rCold  . . .     Gourm    .     (armour unavailable)
rNeg   . . .     Faith    .     (shield unavailable)
rPois  .         Spirit   .     (helmet unavailable)
rElec  .         Reflect  .     (cloak unavailable)
rCorr  .         Harm     .     (gloves unavailable)
MR     .....                    (boots unavailable)
Stlth  ++........               (no amulet)
                                (no ring)
                                (no ring)

@: lethally poisoned (-3 -> -13), quick
A: no armour, no weapons or thrown items, stealth, claws 1, fangs 3, see
invisible, carnivore 3, speed 1, shaggy fur 1, slow metabolism 1, sharp paws
a: no special abilities


You were on level 4 of the Dungeon.
You were not hungry.

You visited 1 branch of the dungeon, and saw 4 of its levels.

You collected 188 gold pieces.

Inventory:

Missiles
 a - 12 arrows
Wands
 r - a wand of digging (12/24)
Scrolls
 e - a scroll of magic mapping {unknown}
 f - 3 scrolls of fog {unknown}
 g - 3 scrolls of remove curse {unknown}
 i - 2 scrolls of enchant weapon {unknown}
 j - 3 scrolls of identify {unknown}
 l - 2 scrolls of teleportation {unknown}
 m - a scroll of noise {unknown}
 o - a scroll of immolation {unknown}
 p - a scroll of random uselessness {unknown}
Potions
 k - 2 potions of flight {unknown}
 n - a potion of degeneration {unknown}
 s - a potion of mutation {unknown}
Books
 b - a book of Changes

   Spells                             Type                      Level
   a - Beastly Appendage              Transmutation                1
   b - Sticks to Snakes               Transmutation                2
   c - Spider Form                    Transmutation/Poison         3
   d - Ice Form                       Ice/Transmutation            4
   e - Blade Hands                    Transmutation                5
Comestibles
 c - 2 meat rations
 d - 2 bread rations
 h - 2 beef jerkies
 q - 4 fruits


   Skills:
 - Level 1.0 Fighting
 - Level 2.6 Dodging
 - Level 3.0 Unarmed Combat
 - Level 2.0 Spellcasting
 - Level 4.0 Transmutations
 + Level 3.6 Poison Magic


You had 3 spell levels left.
You knew the following spells:

 Your Spells              Type           Power        Failure   Level  Hunger
a - Beastly Appendage     Tmut           ##....       4%          1    #......
b - Spider Form           Tmut/Pois      ##........   14%         3    ###....


Dungeon Overview and Level Annotations

Branches:
Dungeon (4/15)
 Temple: D:4-7

Altars:
Uskayaw
Vehumet


Innate Abilities, Weirdness & Mutations

You cannot wear armour.
You are incapable of wielding weapons or throwing items.
Your paws allow you to move quietly. (Stealth)
You have sharp claws.
You have razor-sharp teeth.
You have supernaturally acute eyesight. (SInv)
You are carnivorous and can eat meat at any time.
You cover ground quickly.
You are covered in fur. (AC +1)
You have a slow metabolism.
Your sharp claws are effective at attacking unaware monsters.


Message History

The worker ant misses you. The worker ant completely misses you.
The worker ant bites you. The worker ant closely misses you.
The worker ant barely misses you. The worker ant barely misses you.
The worker ant barely misses you. The worker ant misses you.
The worker ant bites you!
You are lethally poisoned!
The worker ant poisons you!
* * * LOW HITPOINT WARNING * * *
You feel sick. The worker ant barely misses you. x2
* * * LOW HITPOINT WARNING * * *
You feel sick. The worker ant misses you.
* * * LOW HITPOINT WARNING * * *
You feel sick. The worker ant closely misses you.
The worker ant barely misses you.
* * * LOW HITPOINT WARNING * * *
You feel sick. The worker ant bites you.
You die...

#.........#.......#
#.........#.......#
+.................#
#...#.#.#.#.......#
###...............#
####..#.#.#.#...
................
....#.#.#.#.#...
....#..@....(...
...##.#a#.#.#... ..
#...........
.........+...
###.......#..
#.......# #........
+.........


You could see a worker ant.

Vanquished Creatures
  A bullfrog skeleton (D:3)
  Ijyb (D:2)
  Terence (D:2)
  2 adders (D:2)
  2 oozes
  A worm (D:2)
  A dart slug (D:1)
  3 leopard geckos
  6 orcs
  A giant cockroach (D:3)
  5 goblins
  5 hobgoblins
  5 jackals
  3 quokkas
  A ball python (D:2)
  9 bats
  3 frilled lizards
  3 kobolds (D:2)
  5 rats
58 creatures vanquished.

Notes
Turn   | Place    | Note
-------+----------+-------------------------------------------
     0 | D:1      | Da5id the Felid Transmuter began the quest for the Orb.
     0 | D:1      | Reached XP level 1. HP: 9/9 MP: 4/4
   150 | D:1      | Reached skill level 3 in Transmutations
   160 | D:1      | Reached XP level 2. HP: 12/12 MP: 4/6
  1184 | D:2      | Reached skill level 4 in Transmutations
  1184 | D:2      | Reached XP level 3. HP: 15/15 MP: 5/7
  1189 | D:2      | Learned a level 3 spell: Spider Form
  1374 | D:2      | Noticed Ijyb
  1393 | D:2      | Killed Ijyb
  1393 | D:2      | Reached skill level 1 in Poison Magic
  2143 | D:2      | Noticed Terence
  2176 | D:2      | Killed Terence
  2176 | D:2      | Reached XP level 4. HP: 9/19 MP: 6/8
  3683 | D:3      | Reached XP level 5. HP: 11/22 MP: 7/9
  4605 | D:3      | Found a radiant altar of Vehumet.
  4609 | D:3      | Found a hide-covered altar of Uskayaw.
  4664 | D:4      | Slain by an orc
  4665 | D:4      | Reached XP level 4. HP: -5/19 MP: 6/8
  4689 | D:4      | Slain by a worker ant

Vault maps used:
D:1:      onia_arrival_handbag
D:2:      uniq_terence, uniq_iyjb
D:3:      minitemple
D:4:      corexii_shack_village, kennysheep_little_box, serial_glass,
          glass_columns_c, glass_columns_a, glass_columns_b, glass_columns_a,
          glass_columns_b, first_bread

Skill      XL: |  1  2  3  4 |
---------------+-------------+-----
Transmutations | 3 4 |  4.0
Poison Magic   | 2 3 |  3.6
Fighting       | |  1.0
Dodging        | |  2.6
Unarmed Combat | |  3.0
Spellcasting   | |  2.0

Action                   |  1- 3 |  4- 6 || total
-------------------------+-------+-------++-------
Melee: Unarmed           |   103 |   108 ||   211
       Headbutt          |    11 |    15 ||    26
       Bite              |     4 |     6 ||    10
       Punch             |     1 |       ||     1
 Cast: Beastly Appendage |    17 |    13 ||    30
       Spider Form       |       |     4 ||     4
  Use: Potion            |     1 |       ||     1
 Stab: Sleeping          |     1 |     1 ||     2
  Eat: Chunk             |    10 |     6 ||    16
Armor: Skin              |     7 |     5 ||    12
Dodge: Dodged            |    74 |   114 ||   188
